 Dungeon Crawl Stone Soup version 0.24.0-123-gd5b16e6ec5 (webtiles) character file.

Game seed: 2423979219595839181, levelgen mode: deterministic

20 Delamore the Shield-Bearer (level 3, 0/29 HPs)
             Began as a Formicid Fighter on Jan 6, 2020.
             Succumbed to an adder's poison
             ... on level 2 of the Dungeon.
             The game lasted 00:00:36 (888 turns).

Delamore the Shield-Bearer (Formicid Fighter)        Turns: 888, Time: 00:00:36

Health: 0/29       AC:  6    Str: 21    XL:     3   Next: 0%
Magic:  3/3        EV:  7    Int:  7    God:
Gold:   79         SH:  9    Dex: 10    Spells: 2/2 levels left

rFire    . . .     SeeInvis +   a - +0 war axe
rCold    . . .     Gourm    .   c - +0 shield
rNeg     . . .     Faith    .   b - +0 scale mail
rPois    .         Spirit   .   (helmet unavailable)
rElec    .         Reflect  .   (no cloak)
rCorr    .         Harm     .   (no gloves)
MR       .....                  (no boots)
Stlth    ..........             (no amulet)
HPRegen  0.09/turn              (no ring)
MPRegen  0.08/turn              (no ring)

@: lethally poisoned (0 -> -9)
A: permanent stasis, dig shafts and tunnels, four strong arms, antennae 3
a: Dig, Shaft Self


You were on level 2 of the Dungeon.
You were not hungry.

You visited 1 branch of the dungeon, and saw 2 of its levels.

You collected 79 gold pieces.

Inventory:

Hand Weapons
 a - a +0 war axe (weapon)
Armour
 b - a +0 scale mail (worn)
 c - a +0 shield (worn)
Jewellery
 h - an uncursed ring of protection from magic {unknown}
Scrolls
 e - a scroll of enchant weapon {unknown}
 g - a scroll of identify {unknown}
 i - a scroll of teleportation {unknown}
 j - a scroll of noise {unknown}
 l - a scroll of random uselessness {unknown}
 m - a scroll of magic mapping {unknown}
 n - a scroll of enchant armour {unknown}
Potions
 d - a potion of might
 k - 2 potions of curing {unknown}
Comestibles
 f - 4 rations


   Skills:
 - Level 3.2 Fighting
 + Level 3.2 Axes
 - Level 3.2 Armour
 - Level 3.6 Shields


You had 2 spell levels left.
You didn't know any spells.
Your spell library was empty.

Dungeon Overview and Level Annotations

Branches:
Dungeon (2/15)

Altars:


Innate Abilities, Weirdness & Mutations

You cannot be hasted, slowed, berserked, paralysed or teleported.
You can dig through walls and to a lower floor.
Your four strong arms can wield two-handed weapons with a shield.
You have a pair of large antennae on your head. (SInv)


Message History

You block the adder's attack. The adder completely misses you.
Your scale mail prevents you from hitting the adder.
You feel sick. The adder bites you. x2
You closely miss the adder. The adder bites you.
* * * LOW HITPOINT WARNING * * *
You are more poisoned.
The adder poisons you!
You barely miss the adder.
* * * LOW HITPOINT WARNING * * *
You feel sick. The adder bites you.
* * * LOW HITPOINT WARNING * * *
The adder barely misses you.
You slash the adder!
The adder is almost dead.
* * * LOW HITPOINT WARNING * * *
You feel sick. You block the adder's attack.
The adder bites you but does no damage.
You barely miss the adder.
The adder is almost dead.
You die...

{ #.#.# #########
#.#.# #.....#.#
#.#.# #...#)..#
#.#.# #...#.#.# #
#.#.# #.#.#.#.# .
#.##...#.#<#.#†#.#
#.
#......#.#.#.#.#.#
#. #@(...#.#.#.#.#
#. #S#.###.#.#.#.#
#. #.#.......#.#.#
#.
#.#.......#.#.###.
#.#...#.#.#.#.....
#.#.#.......#.....
#.#.....#.###.####
..#.##...........#
#.###...........


You could see an adder.

Vanquished Creatures
  A dart slug (D:1)
  A leopard gecko (D:2)
  2 bats (D:1)
  A giant cockroach (D:1)
  3 goblins
  3 kobolds (D:1)
  4 frilled lizards (D:1)
  3 rats
18 creatures vanquished.

Notes
Turn   | Place    | Note
-------+----------+-------------------------------------------
     0 | D:1      | Delamore the Formicid Fighter began the quest for the Orb.
     0 | D:1      | Reached XP level 1. HP: 18/18 MP: 1/1
   135 | D:1      | Reached XP level 2. HP: 22/24 MP: 2/2
   845 | D:2      | Reached XP level 3. HP: 28/29 MP: 3/3
   887 | D:2      | HP: 1/29 [poisoned by an adder]
   888 | D:2      | Succumbed to an adder's poison

Levels and vault maps discovered:
D:1:      evilmike_arrival_hilbert_curve, layout_basic
D:2:      layout_basic, corexii_hall_statues_x

Skill      XL: |  1  2 |
---------------+-------+-----
Axes           | 3 |  3.2
Fighting       | |  3.2
Armour         | |  3.2
Shields        | |  3.6

Action                   || total
-------------------------++-------
Melee: War axe           ||    72
Armor: Scale mail        ||    32
Dodge: Dodged            ||    18
Block: Shield            ||    47
